AA
OKLAHOMA CITY 89'ERS @ ROCKFORD PLAYBOYS
09/04/2059
 
TOP OF THE 1ST
Oklahoma City 89'ers batting - Pitching for Rockford Playboys : RHP Garrett Detmers
Pitching: RHP Garrett Detmers
Batting: LHB Neal McDonald 0-0: Ball
1-0: Ball
2-0: SINGLE (Groundball, 6D, EV 101.2 MPH)
Batting: RHB Roger D'Andrea 0-0: Called Strike
Neal McDonald steals 2nd, throwing error, E2
Neal McDonald to third
0-1: Called Strike
0-2: Ball
1-2: Strikes out swinging
Batting: LHB Adrien Davis 0-0: Ground out 4-3 (Groundball, 4, EV 100.0 MPH)
Neal McDonald scores
Batting: RHB Quinn Holloway 0-0: Called Strike
0-1: Swinging Strike
0-2: Ball
1-2: Strikes out looking
Top of the 1st over - 1 run, 1 hit, 1 error, 0 left on base; Oklahoma City 1 - Rockford 0
BOTTOM OF THE 1ST
Rockford Playboys batting - Pitching for Oklahoma City 89'ers : RHP Norris Simion
Pitching: RHP Norris Simion
Batting: LHB Rafael Rutkowski 0-0: Ball
1-0: Swinging Strike
1-1: Ball
2-1: Called Strike
2-2: Fly out, F5 (Popup, 56, EV 73.1 MPH)
Batting: RHB Ralph Neben 0-0: Swinging Strike
0-1: Swinging Strike
0-2: Foul Ball, location: 2F
0-2: Ball
1-2: Strikes out swinging
Batting: RHB Garick Ocasio 0-0: Ball
1-0: Called Strike
1-1: Ball
2-1: Fly out, F4 (Line Drive, 4, EV 70.6 MPH)
Bottom of the 1st over - 0 runs, 0 hits, 0 errors, 0 left on base; Oklahoma City 1 - Rockford 0
TOP OF THE 2ND
Oklahoma City 89'ers batting - Pitching for Rockford Playboys : RHP Garrett Detmers
Batting: SHB Stuart Owens 0-0: Called Strike
0-1: Ball
1-1: Swinging Strike
1-2: Ball
2-2: Strikes out swinging
Batting: LHB Alvan Goldsmith 0-0: Ball
1-0: Foul Ball, location: 2F
1-1: Fly out, F9 (Flyball, 9LD, EV 101.2 MPH)
Batting: LHB Ozzie Young 0-0: SINGLE (Groundball, 56D, EV 98.8 MPH)
Batting: LHB Eaton Duda 0-0: Ball
1-0: Ball
2-0: Foul Ball, location: 2F
2-1: Ball
3-1: Called Strike
3-2: Strikes out swinging
Top of the 2nd over - 0 runs, 1 hit, 0 errors, 1 left on base; Oklahoma City 1 - Rockford 0
BOTTOM OF THE 2ND
Rockford Playboys batting - Pitching for Oklahoma City 89'ers : RHP Norris Simion
Batting: LHB Josh Valentine 0-0: Ground out 4-3 (Groundball, 34D, EV 103.8 MPH)
Batting: RHB Edward Cain 0-0: Foul Ball, location: 2F
0-1: Ball
1-1: Swinging Strike
1-2: Ball
2-2: Foul Ball, location: 2F
2-2: Ball
3-2: Base on Balls
Batting: RHB Carter Carbon 0-0: Ball
1-0: Called Strike
1-1: Ball
2-1: Fly out, F9 (Line Drive, 9, EV 111.9 MPH)
Batting: RHB Phil Phillips 0-0: Ball
1-0: Called Strike
1-1: Ground out 4-3 (Groundball, 34S, EV 85.0 MPH)
Bottom of the 2nd over - 0 runs, 0 hits, 0 errors, 1 left on base; Oklahoma City 1 - Rockford 0
TOP OF THE 3RD
Oklahoma City 89'ers batting - Pitching for Rockford Playboys : RHP Garrett Detmers
Batting: RHB Logan Michalski 0-0: Ball
1-0: Ball
2-0: Foul Ball, location: 2F
2-1: Ball
3-1: Base on Balls
Batting: LHB Neal McDonald 0-0: Fielders Choice at 2nd, 1-6 (Groundball, 34S, EV 73.1 MPH)
Batting: RHB Roger D'Andrea 0-0: Ball
Neal McDonald is caught stealing 2nd base 2-4
1-0: Foul Ball, location: 2F
1-1: Ground out 6-3 (Groundball, 6, EV 81.9 MPH)
Top of the 3rd over - 0 runs, 0 hits, 0 errors, 0 left on base; Oklahoma City 1 - Rockford 0
BOTTOM OF THE 3RD
Rockford Playboys batting - Pitching for Oklahoma City 89'ers : RHP Norris Simion
Batting: SHB Cam Phillip 0-0: Ball
1-0: Foul Ball, location: 2F
1-1: Ball
2-1: Ball
3-1: Fly out, F7 (Flyball, 78M, EV 74.4 MPH)
Batting: RHB Peter Wingenbach 0-0: Called Strike
0-1: Foul Ball, location: 2F
0-2: Strikes out swinging
Batting: LHB Rafael Rutkowski 0-0: Called Strike
0-1: Called Strike
0-2: Fly out, F8 (Flyball, 89M, EV 91.2 MPH)
Bottom of the 3rd over - 0 runs, 0 hits, 0 errors, 0 left on base; Oklahoma City 1 - Rockford 0
TOP OF THE 4TH
Oklahoma City 89'ers batting - Pitching for Rockford Playboys : RHP Garrett Detmers
Batting: LHB Adrien Davis 0-0: Called Strike
0-1: Ball
1-1: Foul Ball, location: 2F
1-2: Strikes out looking
Batting: RHB Quinn Holloway 0-0: Ball
1-0: Ball
2-0: Fly out, F7 (Line Drive, 78M, EV 91.9 MPH)
Batting: SHB Stuart Owens 0-0: Ball
1-0: Foul Ball, location: 2F
1-1: Called Strike
1-2: Ground out 6-3 (Groundball, 4M, EV 101.2 MPH)
Top of the 4th over - 0 runs, 0 hits, 0 errors, 0 left on base; Oklahoma City 1 - Rockford 0
BOTTOM OF THE 4TH
Rockford Playboys batting - Pitching for Oklahoma City 89'ers : RHP Norris Simion
Batting: RHB Ralph Neben 0-0: Called Strike
0-1: Foul Ball, location: 2F
0-2: Fly out, F7 (Line Drive, 7LM, EV 98.8 MPH)
Batting: RHB Garick Ocasio 0-0: Ball
1-0: Ground out 6-3 (Groundball, 6, EV 91.2 MPH)
Batting: LHB Josh Valentine 0-0: Foul Ball, location: 2F
0-1: Fly out, F9 (Line Drive, 9S, EV 91.2 MPH)
Bottom of the 4th over - 0 runs, 0 hits, 0 errors, 0 left on base; Oklahoma City 1 - Rockford 0
TOP OF THE 5TH
Oklahoma City 89'ers batting - Pitching for Rockford Playboys : RHP Garrett Detmers
Batting: LHB Alvan Goldsmith 0-0: Called Strike
0-1: Ball
1-1: Ball
2-1: Foul Ball, location: 2F
2-2: Ball
3-2: Strikes out swinging
Batting: LHB Ozzie Young 0-0: Foul Ball, location: 2F
0-1: Swinging Strike
0-2: Ball
1-2: Ball
2-2: Foul Ball, location: 2F
2-2: Ball
3-2: Base on Balls
Batting: LHB Eaton Duda 0-0: Ball
1-0: Ball
2-0: Fielders Choice at 2nd, 5-4 (Groundball, 5L, EV 102.5 MPH)
Batting: RHB Logan Michalski 0-0: Fly out, F9 (Flyball, 9LS, EV 83.8 MPH)
Top of the 5th over - 0 runs, 0 hits, 0 errors, 1 left on base; Oklahoma City 1 - Rockford 0
BOTTOM OF THE 5TH
Rockford Playboys batting - Pitching for Oklahoma City 89'ers : RHP Norris Simion
Batting: RHB Edward Cain 0-0: Called Strike
0-1: Ball
1-1: Ball
2-1: Ball
3-1: SOLO HOME RUN (Flyball, 78XD, EV 111.9 MPH), Distance : 408 ft
Batting: RHB Carter Carbon 0-0: Ball
1-0: Ground out 6-3 (Groundball, 6, EV 93.8 MPH)
Batting: RHB Phil Phillips 0-0: Ball
1-0: Ball
2-0: Called Strike
2-1: Fly out, F8 (Flyball, 8LD, EV 91.9 MPH)
Batting: SHB Cam Phillip 0-0: Ball
1-0: Ball
2-0: Foul Ball, location: 2F
2-1: Swinging Strike
2-2: Strikes out swinging
Bottom of the 5th over - 1 run, 1 hit, 0 errors, 0 left on base; Oklahoma City 1 - Rockford 1
TOP OF THE 6TH
Oklahoma City 89'ers batting - Pitching for Rockford Playboys : RHP Garrett Detmers
Batting: LHB Neal McDonald 0-0: Called Strike
0-1: Called Strike
0-2: Foul Ball, location: 2F
0-2: Fly out, F5 (Popup, 56, EV 61.9 MPH)
Batting: RHB Roger D'Andrea 0-0: Ball
1-0: Ball
2-0: Foul Ball, location: 2F
2-1: Ball
3-1: Fly out, F9 (Flyball, 9D, EV 90.0 MPH)
Batting: LHB Adrien Davis 0-0: Foul Ball, location: 2F
0-1: Ball
1-1: Ball
2-1: Fly out, F9 (Flyball, 89M, EV 80.0 MPH)
Top of the 6th over - 0 runs, 0 hits, 0 errors, 0 left on base; Oklahoma City 1 - Rockford 1
BOTTOM OF THE 6TH
Rockford Playboys batting - Pitching for Oklahoma City 89'ers : RHP Norris Simion
Batting: RHB Peter Wingenbach 0-0: Reached on error, E6 (Groundball, 6, EV 80.6 MPH)
Batting: LHB Rafael Rutkowski 0-0: DOUBLE (Line Drive, 89M, EV 94.4 MPH)
Peter Wingenbach to third
Runner from 3rd tries for Home, SAFE, throw by CF to home
Batting: RHB Ralph Neben 0-0: Swinging Strike
0-1: Foul Ball, location: 2F
0-2: Ball
1-2: Strikes out swinging
Batting: RHB Garick Ocasio 0-0: Ball
1-0: Foul Ball, location: 2F
1-1: Swinging Strike
1-2: Ball
2-2: Ball
3-2: Base on Balls
Batting: LHB Josh Valentine 0-0: Ball
1-0: Called Strike
1-1: Ball
2-1: Fly out, F6 (Flyball, 6D, EV 86.2 MPH)
Batting: RHB Edward Cain 0-0: Ball
1-0: Ball
2-0: Ball
3-0: Base on Balls
Rafael Rutkowski to third
Garick Ocasio to second
Batting: RHB Carter Carbon 0-0: Called Strike
0-1: TRIPLE (Flyball, 78XD, EV 105.0 MPH)
Rafael Rutkowski scores
Garick Ocasio scores
Edward Cain scores
Pitching: RHP Lucas Gustafson
Batting: RHB Phil Phillips 0-0: Called Strike
0-1: Ball
1-1: Ball
2-1: SINGLE (Groundball, 56D, EV 101.2 MPH)
Carter Carbon scores
Batting: SHB Cam Phillip 0-0: Ball
1-0: Ball
2-0: Foul Ball, location: 2F
2-1: Called Strike
2-2: Foul Ball, location: 2F
2-2: Ball
3-2: Fly out, F7 (Flyball, 7LM, EV 96.9 MPH)
Bottom of the 6th over - 5 runs, 3 hits, 1 error, 1 left on base; Oklahoma City 1 - Rockford 6
TOP OF THE 7TH
Oklahoma City 89'ers batting - Pitching for Rockford Playboys : RHP Garrett Detmers
Batting: RHB Quinn Holloway 0-0: Ball
1-0: Ball
2-0: Called Strike
2-1: Swinging Strike
2-2: Foul Ball, location: 2F
2-2: Ball
3-2: Base on Balls
Batting: SHB Stuart Owens 0-0: Ball
1-0: Ball
2-0: Fly out, F8 (Flyball, 8RM, EV 88.8 MPH)
Batting: LHB Alvan Goldsmith 0-0: Called Strike
0-1: Ball
1-1: Fly out, F5 (Popup, 5F, EV 80.6 MPH)
Batting: LHB Ozzie Young 0-0: Called Strike
0-1: Ball
1-1: Ball
2-1: Foul Ball, location: 2F
2-2: Fly out, F8 (Line Drive, 8LD, EV 95.6 MPH)
Top of the 7th over - 0 runs, 0 hits, 0 errors, 1 left on base; Oklahoma City 1 - Rockford 6
BOTTOM OF THE 7TH
Rockford Playboys batting - Pitching for Oklahoma City 89'ers : RHP Lucas Gustafson
Batting: RHB Peter Wingenbach 0-0: SINGLE (Groundball, 6MD, EV 108.1 MPH)
Batting: LHB Rafael Rutkowski 0-0: Fielders Choice at 2nd, 2-4 (Groundball, 2L, EV 63.1 MPH)
Batting: RHB Ralph Neben 0-0: Called Strike
0-1: Foul Ball, location: 2F
0-2: Foul Ball, location: 2F
0-2: Grounds into double play, 4-6-3 (Groundball, 4, EV 83.1 MPH)
Bottom of the 7th over - 0 runs, 1 hit, 0 errors, 0 left on base; Oklahoma City 1 - Rockford 6
TOP OF THE 8TH
Oklahoma City 89'ers batting - Pitching for Rockford Playboys : RHP Garrett Detmers
Batting: LHB Eaton Duda 0-0: Foul Ball, location: 2F
0-1: Ball
1-1: Ground out U3 (Groundball, 34S, EV 89.4 MPH)
Batting: RHB Logan Michalski 0-0: Ball
1-0: Foul Ball, location: 2F
1-1: Ground out 1-3 (Groundball, 13, EV 70.0 MPH)
Batting: LHB Neal McDonald 0-0: Foul Ball, location: 2F
0-1: Called Strike
0-2: Ball
1-2: Ball
2-2: Foul Ball, location: 2F
2-2: SINGLE (Groundball, 3D, EV 96.9 MPH)
Pitching: RHP Aiden Christensen
Batting: RHB Roger D'Andrea 0-0: Called Strike
0-1: Ball
1-1: Ball
2-1: Called Strike
2-2: Foul Ball, location: 2F
2-2: Foul Ball, location: 2F
2-2: Ball
3-2: Foul Ball, location: 2F
3-2: Base on Balls
Neal McDonald to second
Batting: LHB Adrien Davis 0-0: Ball
1-0: Foul Ball, location: 2F
1-1: Ground out 2-3 (Groundball, 2R, EV 67.5 MPH)
Top of the 8th over - 0 runs, 1 hit, 0 errors, 2 left on base; Oklahoma City 1 - Rockford 6
BOTTOM OF THE 8TH
Rockford Playboys batting - Pitching for Oklahoma City 89'ers : RHP Lucas Gustafson
Batting: RHB Garick Ocasio 0-0: Called Strike
0-1: Called Strike
0-2: Ball
1-2: Ground out 6-3 (Groundball, 6, EV 81.9 MPH)
Batting: LHB Josh Valentine 0-0: Ball
1-0: Ball
2-0: Fly out, F9 (Flyball, 9LS, EV 96.9 MPH)
Batting: RHB Edward Cain 0-0: Called Strike
0-1: Called Strike
0-2: Strikes out swinging
Bottom of the 8th over - 0 runs, 0 hits, 0 errors, 0 left on base; Oklahoma City 1 - Rockford 6
TOP OF THE 9TH
Oklahoma City 89'ers batting - Pitching for Rockford Playboys : RHP Aiden Christensen
Batting: RHB Quinn Holloway 0-0: Called Strike
0-1: Ball
1-1: Called Strike
1-2: Ball
2-2: Ball
3-2: Foul Ball, location: 2F
3-2: Ground out U3 (Groundball, 3S, EV 83.8 MPH)
Batting: SHB Stuart Owens 0-0: Called Strike
0-1: Foul Ball, location: 2F
0-2: Ball
1-2: Fly out, F8 (Flyball, 8LM, EV 85.6 MPH)
Batting: LHB Alvan Goldsmith 0-0: Called Strike
0-1: Ball
1-1: Swinging Strike
1-2: Ball
2-2: Ball
3-2: SINGLE (Groundball, 4MD, EV 93.8 MPH)
Batting: LHB Ozzie Young 0-0: Called Strike
0-1: Ball
1-1: Called Strike
1-2: Ball
2-2: Ball
3-2: Base on Balls
Alvan Goldsmith to second
Batting: LHB Eaton Duda 0-0: Ground out U3 (Groundball, 3, EV 102.5 MPH)
Top of the 9th over - 0 runs, 1 hit, 0 errors, 2 left on base; Oklahoma City 1 - Rockford 6
Friday, March 29th , 2024 - OOTP Baseball 23.10 Build 110